 Dungeon Crawl Stone Soup version 0.28-a0-8-g6e044cfa68 (webtiles) character file.

Game seed: 8449406963558191507

655302 Spaninq the Middleweight Champion (level 27, -1/273 HPs)
             Began as a Ghoul Warper on July 23, 2021.
             Was an Elder of Ashenzari.
             Slain by a green draconian (3 damage)
             ... while petrified by an ancient lich
             ... on level 5 of the Realm of Zot.
             The game lasted 04:04:23 (76420 turns).

Spaninq the Middleweight Champion (Ghoul Warper)   Turns: 76420, Time: 04:04:25

Health: -1/273     AC: 43    Str: 31 (34) XL:     27
Magic:  29/29      EV:  2    Int:  8      God:    Ashenzari [****..]
Gold:   7655       SH:  0    Dex: 10 (11) Spells: 34/35 levels left

rFire   + + +      SeeInvis +     - Unarmed
rCold   + + .      Faith    .   N - +2 tower shield "Shattered Anxiety" {rF+, Self, Melee} (curse)
rNeg    + + +      Spirit   .   L - +10 gold dragon scales
rPois   ∞          Reflect  +   U - +0 helmet "Share My Visionary" {Melee, Bglg} (curse)
rElec   .          Harm     .   M - +2 cloak "Mantic Vision" {rCorr, Alch, Fort} (curse)
rCorr   +          Rampage  .   (no gloves)
Will    ++...      Clarity  +   u - +0 pair of boots of the Fated Mutualism {Elem, Fort} (curse)
Stlth   ..........              a - amulet of Ashenzari's Secrets {Reflect rPois Dex+3 SH+5 SInv, Fort, Self} (curse)
HPRegen 0.00/turn               f - ring "Mutualism of the Sphere" {rF+ Str+6, Fort, Melee} (curse)
MPRegen 0.21/turn               K - ring of the Bound Comet {Slay+4, Self, Melee} (curse)

@: about to teleport, petrified, contaminated, inhibited regen, glowing,
studying 3 skills
A: claws 1, cold resistance 1, negative energy resistance 3, inhibited
regeneration, torment resistance 2
}: 3/15 runes: serpentine, barnacled, abyssal
a: Renounce Religion, Curse Item, Shatter the Chains


You were on level 5 of the Realm of Zot.
You worshipped Ashenzari.
Ashenzari was greatly pleased with you.
You visited 10 branches of the dungeon, and saw 51 of its levels.
You visited the Abyss 3 times.
You also visited: Ossuary, Bailey, Ice Cave, Volcano and Desolation.

You collected 12060 gold pieces.
You spent 4405 gold pieces at shops.

Inventory:

Hand Weapons
 O - a +7 scimitar of flaming
Missiles
 c - 22 boomerangs of dispersal (quivered)
 m - 5 throwing nets
 Q - 3 boomerangs
Armour
 u - the cursed +0 pair of boots of the Fated Mutualism (worn) {Elem, Fort}
   (You found it on level 5 of the Dungeon)

   It has a curse which improves the following skills: Elements: Fire Magic, Ice
   Magic, Air Magic and Earth Magic.
   Fortitude: Armour and Shields.
 L - +10 gold dragon scales (worn)
 M - the cursed +2 cloak "Mantic Vision" (worn) {rCorr, Alch, Fort}
   (You acquired it on level 5 of the Depths)

   It has a curse which improves the following skills: Alchemy: Poison Magic and
   Transmutations.
   Fortitude: Armour and Shields.
 N - the cursed +2 tower shield "Shattered Anxiety" (worn) {rF+, Self, Melee}
   (You found it in a volcano)

   It has a curse which improves the following skills: Introspection: Fighting
   and Spellcasting.
   Melee Combat: Short Blades, Long Blades, Axes, Maces & Flails, Polearms,
   Staves and Unarmed Combat.
 P - a +1 tower shield of cold resistance
 U - the cursed +0 helmet "Share My Visionary" (worn) {Melee, Bglg}
   (You found it on level 3 of the Shoals)

   It has a curse which improves the following skills: Melee Combat: Short
   Blades, Long Blades, Axes, Maces & Flails, Polearms, Staves and Unarmed
   Combat.
   Beguiling: Conjurations, Hexes and Translocations.
Jewellery
 a - the cursed amulet of Ashenzari's Secrets (around neck) {Reflect rPois Dex+3 SH+5 SInv, Fort, Self}
   (You acquired it on level 4 of the Dungeon)

   [amulet of reflection]

   It reflects blocked missile attacks.
   Dex:       It affects your dexterity (+3).
   rPois:     It protects you from poison.
   SInv:      It lets you see invisible.
   SH:        It affects your SH (+5).
   It has a curse which improves the following skills: Fortitude: Armour and
   Shields.
   Introspection: Fighting and Spellcasting.
 d - the ring "Cotteibu" {Fire Fly Str+3}
   (You took it off a ragged hierophant in the Desolation of Salt)

   [ring of fire]

   It enhances your fire magic.
   Str:       It affects your strength (+3).
   rF:        It protects you from fire.
   rC:        It makes you vulnerable to cold.
   Fly:       It grants you flight.
 f - the cursed ring "Mutualism of the Sphere" (left claw) {rF+ Str+6, Fort, Melee}
   (You found it in the Desolation of Salt)

   [ring of strength]

   Str:       It affects your strength (+6).
   rF:        It protects you from fire.
   It has a curse which improves the following skills: Fortitude: Armour and
   Shields.
   Melee Combat: Short Blades, Long Blades, Axes, Maces & Flails, Polearms,
   Staves and Unarmed Combat.
 l - the ring of Atha {Ice Fly rCorr SInv}
   (You found it in an ice cave)

   [ring of ice]

   It enhances your ice magic.
   rF:        It makes you vulnerable to fire.
   rC:        It protects you from cold.
   SInv:      It lets you see invisible.
   Fly:       It grants you flight.
   rCorr:     It protects you from acid and corrosion.
 s - the ring of the Tortoise {AC+8}
   (You found it on level 1 of the Vaults)

   [ring of protection]

   AC:        It affects your AC (+8).
 w - a ring of protection from fire
 B - a ring of willpower
 K - the cursed ring of the Bound Comet (right claw) {Slay+4, Self, Melee}
   (You found it on level 11 of the Dungeon)

   [ring of slaying]

   Slay:      It affects your accuracy & damage with ranged weapons and melee
   (+4).
   It has a curse which improves the following skills: Introspection: Fighting
   and Spellcasting.
   Melee Combat: Short Blades, Long Blades, Axes, Maces & Flails, Polearms,
   Staves and Unarmed Combat.
 V - the amulet of Sloth {Faith *Corrode rElec rPois Will++}
   (You found it in an ice cave)

   [amulet of faith]

   It allows you to gain divine favour quickly.
   rElec:     It insulates you from electricity.
   rPois:     It protects you from poison.
   *Corrode:  It may corrode you when you take damage.
   Will:      It greatly increases your willpower.
Wands
 e - a wand of polymorph (10)
 j - a wand of mindburst (32)
 C - a wand of paralysis (41)
 E - a wand of iceblast (77)
 H - a wand of flame (82)
 J - a wand of acid (53)
 R - a wand of digging (32)
Scrolls
 b - 11 scrolls of blinking
 h - 7 scrolls of silence
 o - 3 scrolls of summoning
 q - 6 scrolls of fog
 r - 17 scrolls of teleportation
 t - 15 scrolls of fear
 v - 2 scrolls of brand weapon
 x - 2 scrolls of amnesia
 A - 4 scrolls of torment
 S - 8 scrolls of enchant weapon
 W - a scroll of magic mapping
Potions
 g - 5 potions of ambrosia
 i - 7 potions of haste
 k - a potion of resistance
 n - 3 potions of cancellation
 p - 4 potions of magic
 z - 21 potions of curing
 D - 10 potions of flight
 F - 5 potions of might
 G - 4 potions of brilliance
 I - 8 potions of heal wounds
Miscellaneous
 y - a phial of floods
 X - a lightning rod (4/4)
 Y - a lightning rod (4/4)


   Skills:
 + Level 24.3(27) Fighting
 - Level 0.8 Throwing
 + Level 19.1(23.6) Armour
 + Level 18.6 Dodging
 + Level 20.6(24.9) Shields
 O Level 27 Unarmed Combat
 - Level 1.7(4.8) Spellcasting
 - Level 2.6(4.5) Translocations
 + Level 10.1 Evocations


You had 34 spell levels left.
You knew the following spells:

 Your Spells              Type           Power      Damage    Failure   Level
a - Apportation           Tloc           18%        N/A       28%         1

Your spell library contained the following spells:

 Spells                   Type           Power      Damage    Failure   Level
 Blink                    Tloc           N/A        N/A       38%         2
 Gell's Gravitas          Tloc           4%         N/A       63%         3
 Lesser Beckoning         Tloc           4%         N/A       63%         3
 Teleport Other           Tloc           9%         N/A       63%         3
 Corona                   Hex            2%         N/A       85%         1
 Foxfire                  Conj/Fire      8%         2x1d4     85%         1
 Freeze                   Ice            8%         1d3       85%         1
 Sandblast                Erth           4%         2d4       85%         1
 Shock                    Conj/Air       8%         1d3       85%         1
 Sting                    Tmut/Pois      8%         1d3       85%         1
 Animate Skeleton         Necr           2%         N/A       88%         1
 Pain                     Necr           4%         1d4       88%         1
 Summon Small Mammal      Summ           4%         N/A       88%         1
 Ensorcelled Hibernation  Hex/Ice        4%         N/A       94%         2
 Passwall                 Tmut/Erth      1%         N/A       94%         2
 Poisonous Vapours        Pois/Air       4%         N/A       94%         2
 Static Discharge         Conj/Air       2%         N/A       94%         2
 Corpse Rot               Necr/Air       N/A        N/A       95%         2
 Call Canine Familiar     Summ           1%         N/A       99%         3
 Conjure Flame            Conj/Fire      2%         6-21      99%         3
 Dazzling Flash           Conj/Hex       4%         N/A       99%         3
 Frozen Ramparts          Ice            4%         1d2       99%         3
 Ignite Poison            Fire/Tmut/Pois 2%         N/A       99%         3
 Ozocubu's Armour         Ice            2%         N/A       99%         3
 Stone Arrow              Conj/Erth      4%         3d7       99%         3
 Summon Guardian Golem    Hex/Summ       2%         N/A       99%         3
 Swiftness                Air            2%         N/A       99%         3
 Tukima's Dance           Hex            2%         N/A       99%         3
 Animate Armour           Summ/Erth      4%         N/A       100%        4
 Dispel Undead            Necr           1%         3d6       100%        4
 Fulminant Prism          Conj/Hex       1%         3d6       100%        4
 Hailstorm                Conj/Ice       2%         3d3       100%        4
 Iskenderun's Mystic Bla  Conj/Tloc      5%         2d3       100%        4
 Olgreb's Toxic Radiance  Pois           2%         N/A       100%        4
 Petrify                  Tmut/Erth      2%         N/A       100%        4
 Sticky Flame             Conj/Fire      2%         2d3       100%        4
 Summon Ice Beast         Ice/Summ       2%         N/A       100%        4
 Agony                    Necr           1%         N/A       100%        5
 Alistair's Intoxication  Tmut/Pois      1%         N/A       100%        5
 Borgnjor's Vile Clutch   Necr/Erth      1%         N/A       100%        5
 Fireball                 Conj/Fire      1%         3d3       100%        5
 Freezing Cloud           Conj/Ice/Air   1%         6-21      100%        5
 Iskenderun's Battlesphe  Conj           2%         2d6       100%        5
 Lee's Rapid Deconstruct  Erth           1%         3d5*      100%        5
 Manifold Assault         Tloc           9%         N/A       100%        5
 Metabolic Englaciation   Hex/Ice        1%         N/A       100%        5
 Silence                  Hex/Air        1%         N/A       100%        5
 Summon Forest            Summ/Tloc      2%         N/A       100%        5
 Summon Mana Viper        Hex/Summ       2%         N/A       100%        5
 Conjure Ball Lightning   Conj/Air       1%         3x3d6     100%        6
 Death Channel            Necr           0%         N/A       100%        6
 Dispersal                Tloc           4%         N/A       100%        6
 Eringya's Noxious Bog    Tmut/Pois      1%         N/A       100%        6
 Invisibility             Hex            1%         N/A       100%        6
 Iron Shot                Conj/Erth      1%         9d1       100%        6
 Simulacrum               Ice/Necr       1%         N/A       100%        6
 Starburst                Conj/Fire      1%         8x6d3     100%        6
 Haunt                    Necr/Summ      0%         N/A       100%        7
 Monstrous Menagerie      Summ           0%         N/A       100%        7
 Orb of Destruction       Conj           1%         N/A       100%        7
 Ozocubu's Refrigeration  Ice            1%         4d5       100%        7
 Spellforged Servitor     Conj/Summ      1%         N/A       100%        7
 Disjunction              Tloc           4%         N/A       100%        8
 Ignition                 Fire           1%         3d3       100%        8
 Lehudib's Crystal Spear  Conj/Erth      1%         10d2      100%        8
 Maxwell's Capacitive Co  Air            1%         ∞         100%        8
 Polar Vortex             Ice            1%         N/A       100%        9
 Ice Form                 Ice/Tmut       Unusable   N/A       N/A         4
 Statue Form              Tmut/Erth      Unusable   N/A       N/A         6
 Necromutation            Tmut/Necr      Unusable   N/A       N/A         8

Dungeon Overview and Level Annotations

Branches:
Dungeon (15/15)            Temple (0/1) D:6            Lair (6/6) D:10
 Shoals (4/4) Lair:4        Snake (4/4) Lair:4          Orc (2/2) D:10
    Elf (3/3) Orc:2        Vaults (4/5) D:14          Crypt (3/3) Vaults:3
   Tomb (0/3) Crypt:3      Depths (5/5) D:15            Zot (5/5) Depths:5
Ossuary (visited)          Bailey (visited)           IceCv (visited)
Volcano (visited)         Desolation (visited)
  Slime: Lair:5-6

Altars:
Ashenzari
Cheibriados
Dithmenos
Elyvilon
Fedhas
Hepliaklqana
Kikubaaqudgha
Nemelex Xobeh
Okawaru
Qazlal
Ru
Sif Muna
Vehumet
Zin
The Shining One
Beogh

Shops:
D:5 (   D:13 (   Orc:2 !(*?   Snake:1 *   Snake:4 ?   Vaults:1 *   Depths:2 ![*
Depths:5 [=:=

Portals:
Hell: Depths:1 Depths:2 Depths:3 Depths:4 Depths:5
Abyss: Depths:1 Depths:2 Depths:4 Depths:5
Pandemonium: Depths:3
Ziggurat: Depths:2

Annotations:
D:7 3 runed translucent doors, indyram44's ghost, novice OpFi
Elf:2 2 runed translucent doors
Depths:3 exclusion: 2 doors


Innate Abilities, Weirdness & Mutations

You thrive by killing the living.
You are immune to poison.
You have sharp fingernails.
Your flesh is cold resistant. (rC+)
You are immune to negative energy. (rN+++)
You do not regenerate when monsters are visible.
You are immune to unholy pain and torment.


Message History

The storm dragon tramples you.
* * * LOW HITPOINT WARNING * * *
You hold your ground!
The ancient lich gestures wildly while chanting.
The ancient lich seems to speed up.
The purple draconian scorcher hits you but does no damage.
The black draconian knight hits you but does no damage.
You are electrocuted!
* * * LOW HITPOINT WARNING * * *
The golden dragon bites you but does no damage.
The golden dragon claws you but does no damage.
The golden dragon tramples you but does no damage.
The green draconian hits you but does no damage.
The green draconian tail-slaps you but does no damage.
The green draconian hits you but does no damage.
The ancient lich touches you but does no damage.
The storm dragon bites you but does no damage.
The storm dragon claws you but does no damage.
The storm dragon tramples you but does no damage.
The ancient lich touches you but does no damage.
The purple draconian scorcher hits you but does no damage.
The red draconian shifter gestures at you while chanting.
The black draconian knight hits you with a +2 long sword of electrocution.
You are electrocuted!
* * * LOW HITPOINT WARNING * * *
The ancient lich touches you!
* * * LOW HITPOINT WARNING * * *
The purple draconian scorcher hits you with a +0 dagger.
* * * LOW HITPOINT WARNING * * *
The golden dragon bites you but does no damage.
The golden dragon claws you but does no damage.
The golden dragon tramples you but does no damage.
The ancient lich gestures at you while chanting.
The storm dragon bites you but does no damage.
The storm dragon completely misses you.
The storm dragon tramples you but does no damage.
The green draconian hits you but does no damage.
The green draconian tail-slaps you but does no damage.
The green draconian hits you from afar with a +0 glaive!
You die...

▓....^...^......§.....
▓..^...(...........D..
*▓...............§.^.,
*▓...^..^......^^..,,
*▓[q..Dq.^.......▓▓▓
▓▓...L.##▓▓▓▓▓▓▓▓▓▓
##ddqd....X......^^.
##.dqD............##.
*#..q@Ld^........,,.##
#...qLD........,,,,,.#
#................,,,,#
#...........^....,,^,*
#....°...........,,∆,*
#....^........^..,,,,*
#................,,{,*
##...............,,,**
*#..............,,**


You could see a black draconian monk, 2 draconians, a golden dragon, 2 ancient
liches, a dread lich (invisible), 2 storm dragons, a black draconian, 2
draconians, a red draconian (very poisoned), a white draconian, a red draconian
shifter (poisoned), an Orb Guardian and 2 draconians.

Vanquished Creatures
  2 dread liches
  Khufu (Crypt:2)
  3 orbs of fire
  2 ancient liches
  Mara (Crypt:1)
  2 royal mummies (Crypt:2)
  Saint Roka (Crypt:3)
  Boris (Depths:2)
  3 curse toes
  2 Killer Klowns (Zot:5)
  9 golden dragons
  the Enchantress (Depths:1)
  2 bone dragons
  5 electric golems
  15 tentacled monstrosities
  23 Orb Guardians (Zot:5)
  3 liches
  9 quicksilver dragons
  3 deep elf blademasters (Elf:3)
  Frances (Shoals:2)
  6 death cobs
  2 tentacled starspawn (Abyss:3)
  3 titans (Depths:2)
  An ancient champion (Crypt:1)
  10 sphinxes
  2 tengu reavers
  12 storm dragons
  6 shadow dragons
  2 revenants
  The ghost of Tuffe the Warrior, an adept FoFi of Okawaru (Snake:2)
  A rockslime (IceCv)
  Ilsuiw (Shoals:1)
  3 azure jellies (IceCv)
  11 draconian monks
  6 frost giants
  10 draconian knights
  6 nagarajas
  12 fire giants
  2 orc warlords (Depths:2)
  12 deep elf sorcerers
  4 ghost moths
  4 imperial myrmidons (Desolation)
  9 vault wardens
  3 iron dragons
  Aizul (Shoals:1)
  14 draconian scorchers
  A curse skull (Crypt:1)
  4 draconian shifters
  6 deep elf elementalists (Elf:3)
  4 balrugs
  13 stone giants
  9 ghouls
  11 very ugly things
  8 ironbound preservers
  4 war gargoyles (Crypt:3)
  4 spriggan defenders
  4 draconian stormcallers
  Louise (Depths:2)
  6 quicksilver oozes (IceCv)
  14 green draconians
  13 black draconians
  A caustic shrike skeleton (Crypt:1)
  8 draconian annihilators
  11 vampire knights
  Azrael (D:14)
  9 spark wasps
  13 red draconians
  13 purple draconians
  8 deep elf demonologists
  An entropy weaver (Vaults:2)
  16 white draconians
  4 deep elf annihilators (Elf:3)
  6 yellow draconians
  8 merfolk javelineers
  3 jiangshi (Crypt:1)
  Snorg (Lair:3)
  6 eidola
  6 crystal guardians
  7 deep elf death magi
  19 ettins
  8 merfolk impalers
  10 ragged hierophants (Desolation)
  4 mummy priests (Crypt:2)
  6 fire dragons
  9 yaktaur captains
  3 deep elf high priests
  6 great orbs of eyes
  The ghost of Ravenswing17 the Fighter, a journeyman PaBe of Trog (Lair:4)
  10 hydras
  7 ice dragons
  2 servants of whispers (Desolation)
  Fannar (D:9)
  Erolcha (Orc:1)
  16 naga warriors
  5 boulder beetles
  13 vault guards
  8 spriggan air magi
  11 ironbound thunderhulks
  2 salamander tyrants
  7 rakshasas
  3 alligator snapping turtles
  20 centaur warriors
  A juggernaut simulacrum (Depths:3)
  10 anacondas
  10 peacekeepers (Desolation)
  4 two-headed ogres
  6 ironbound frosthearts
  29 dancing weapons
  4 death knights
  5 merfolk aquamancers (Shoals:4)
  A death yak (Lair:3)
  2 tengu warriors
  5 vampire magi
  An orc high priest (Depths:2)
  3 deep troll earth magi
  10 deep troll shamans
  5 spriggan berserkers
  Sonja (Lair:4)
  3 ironbound beastmasters
  A titan zombie (Crypt:3)
  13 deep elf knights
  13 hell knights
  13 naga sharpshooters
  A storm dragon zombie (Crypt:3)
  A sun demon (Depths:3)
  A spatial maelstrom (Abyss:3)
  3 soul eaters
  10 shock serpents
  A titan skeleton (Crypt:2)
  6 large abominations
  11 iron trolls
  19 skeletal warriors
  6 salamander mystics
  A golden dragon zombie (Crypt:3)
  A deep troll (shapeshifter) (Vaults:3)
  5 glowing orange brains
  7 sea snakes
  2 bog bodies
  8 naga ritualists
  9 deep elf archers
  24 deep trolls
  2 shadow dragon zombies
  4 orc knights
  28 deep elf zephyrmancers
  16 necromancers
  22 ironbound convokers
  7 lindwurms
  3 orange crystal statues
  Pikel (D:8)
  6 flayed ghosts
  13 wizards
  29 deep elf pyromancers
  A golden dragon skeleton (Crypt:3)
  4 harpies (Vaults:3)
  A phantasmal warrior (Crypt:2)
  12 mana vipers
  A frost giant zombie (Depths:3)
  A stone giant zombie (Crypt:1)
  5 orc sorcerers
  A will-o-the-wisp (Abyss:3)
  29 ugly things
  12 cyclopes
  7 manticores
  A worldbinder (Abyss:3)
  21 salamanders
  An iron dragon skeleton (Depths:3)
  2 cyclopes (shapeshifter) (Depths:3)
  6 fauns
  32 moths of wrath
  8 elephants
  A stone giant skeleton (Crypt:1)
  A spriggan zombie (Depths:1)
  13 merfolk sirens
  18 naga magi
  48 black mambas
  Joseph (D:10)
  13 guardian serpents
  A water nymph (shapeshifter) (Depths:1)
  6 smoke demons
  11 water nymphs
  3 molten gargoyles
  15 vault sentinels
  5 gargoyles
  17 cane toads
  An elf skeleton (Depths:2)
  4 rime drakes
  2 unseen horrors (Depths:5)
  A kobold demonologist (D:13)
  4 freezing wraiths
  A minotaur zombie (Crypt:1)
  12 komodo dragons
  36 yaktaurs
  2 ancient zymes (Abyss:3)
  5 tengu conjurers
  An elf (Depths:2)
  A silent spectre (Abyss:3)
  5 entropy weaver simulacra
  2 red devils (Abyss:3)
  4 guardian mummies (Crypt:2)
  A red draconian skeleton (Crypt:2)
  An efreet (D:13)
  An anaconda simulacrum (Snake:3)
  4 trolls
  17 merfolk
  5 very ugly thing simulacra (IceCv)
  5 wind drakes
  7 hornets
  2 polar bears
  29 blink frogs
  2 blink frogs (shapeshifter)
  A harpy skeleton (Crypt:3)
  3 raiju (Abyss:3)
  65 saltlings
  41 slime creatures
  22 dream sheep
  A tarantella zombie (Crypt:2)
  5 snapping turtles
  14 flying skulls (Crypt:3)
  6 air elementals
  A centaur simulacrum (D:15)
  3 redbacks (Vaults:2)
  A ynoxinul (Abyss:3)
  A shadow (D:10)
  A deep troll skeleton (Depths:1)
  3 small abominations (Abyss:3)
  3 starcursed masses (Abyss:3)
  A tarantella (shapeshifter) (Elf:3)
  5 wraiths
  21 yaks
  19 water elementals
  3 ettin skeletons
  3 vampires
  An ice dragon skeleton (Crypt:3)
  6 spriggans
  3 basilisks
  6 wyverns
  3 fire elementals
  5 fire bats
  A golden eye (shapeshifter) (D:14)
  Grum (D:10)
  2 steam dragons
  A neqoxec (Abyss:3)
  2 minotaur simulacra (Snake:3)
  A chaos spawn (Abyss:3)
  A vampire mosquito (D:14)
  A redback simulacrum (D:15)
  4 hell hounds (D:14)
  10 wargs
  An acid dragon (D:14)
  60 nagas
  15 water moccasins
  3 demonic crawler simulacra (IceCv)
  A floating eye (Abyss:3)
  48 orc warriors
  2 sky beasts
  3 black bears
  A fire dragon simulacrum (Depths:1)
  9 necrophages
  An alligator simulacrum (Snake:3)
  7 ogres
  A snapping turtle skeleton (Crypt:3)
  5 ugly thing simulacra (IceCv)
  25 wolves
  9 boggarts
  A centaur (shapeshifter) (Depths:5)
  24 centaurs
  A phantom (D:5)
  20 bullfrogs
  3 elf zombies
  3 gnoll sergeants
  A wyvern zombie (D:6)
  6 scorpions (Ossuary)
  2 earth elementals
  2 deep troll simulacra (Snake:3)
  2 water moccasin skeletons
  6 killer bees (D:9)
  A yak zombie (Crypt:1)
  A lindwurm simulacrum (Snake:3)
  A swamp dragon simulacrum (Abyss:3)
  A yak skeleton (Crypt:1)
  8 wights
  6 howler monkeys
  A spriggan skeleton (Crypt:3)
  5 electric eels
  8 centaur zombies
  9 lava snakes
  A crimson imp (D:11)
  A bullfrog zombie (D:5)
  2 hounds (D:4)
  A jelly (D:6)
  3 human zombies (Ossuary)
  20 orc priests
  A gnoll shaman (D:6)
  6 centaur skeletons
  8 scorpion zombies
  Natasha (thrice) (D:2)
  34 orc wizards
  A lightning spire (Zot:2)
  2 iguanas (D:5)
  An acid dragon zombie (Crypt:2)
  2 spectral hounds (Depths:2)
  4 mummies
  2 howler monkey zombies (D:9)
  20 gnolls
  A howler monkey skeleton (Crypt:2)
  8 adders
  2 shadow imps
  A white imp (D:7)
  An ufetubus (Abyss:3)
  An adder zombie (Crypt:2)
  2 worms
  A dart slug (D:1)
  77 orcs
  7 ball pythons
  6 bats
  2 endoplasms
  2 giant cockroaches
  2 gnoll zombies (Ossuary)
  11 goblins
  7 hobgoblins
  8 jackals
  28 kobolds
  4 quokkas
  3 frilled lizards
  2 goblin zombies (Ossuary)
  A hobgoblin zombie (Ossuary)
  A jackal zombie (Crypt:1)
  3 kobold zombies (Ossuary)
  2 orc skeletons (Crypt:3)
  4 orc zombies (Ossuary)
  A quokka skeleton (Crypt:2)
  2 rats
  2 rat zombies (D:3)
  A lurking horror (Abyss:3)
  A plant (Shoals:4)
  A starspawn tentacle (Abyss:3)
2350 creatures vanquished.

Vanquished Creatures (others)
  A draconian scorcher (Zot:1)
  A draconian knight (Zot:2)
  A spriggan defender (Depths:1)
  A white draconian (Zot:4)
  A wizard (Depths:2)
  A deep elf archer (Elf:3)
  A deep elf zephyrmancer (Elf:2)
  A manticore (Shoals:3)
  A slime creature (IceCv)
  2 nagas (Snake:4)
  A warg (Depths:2)
  A centaur (Depths:2)
  An orc wizard (D:15)
  An orc (D:15)
  2 foxfires (Abyss:3)
  29 fungi
  5 pillars of salt (Desolation)
  122 plants
  5 starspawn tentacles (Abyss:3)
  3 withered plants (Desolation)
181 creatures vanquished.

Grand Total: 2531 creatures vanquished

Notes
Turn   | Place    | Note
-------+----------+-------------------------------------------
     0 | D:1      | Spaninq the Ghoul Warper began the quest for the Orb.
     0 | D:1      | Reached XP level 1. HP: 17/17 MP: 2/2
    35 | D:1      | Reached skill level 1 in Armour
    48 | D:1      | Reached XP level 2. HP: 25/25 MP: 3/3
   308 | D:1      | Reached XP level 3. HP: 30/30 MP: 4/4
   466 | D:1      | Reached skill level 3 in Unarmed Combat
   876 | D:2      | Identified the ring "Ezolo" {Ice rCorr}
   878 | D:2      | Found a faded altar of an unknown god.
   953 | D:2      | Noticed Natasha
   967 | D:2      | Killed Natasha
   968 | D:2      | Reached XP level 4. HP: 15/38 MP: 5/5
  1329 | D:2      | Noticed Natasha
  1369 | D:2      | Killed Natasha
  1370 | D:2      | Reached skill level 4 in Unarmed Combat
  1503 | D:2      | Noticed Natasha
  1514 | D:2      | Killed Natasha
  1515 | D:2      | Reached XP level 5. HP: 35/45 MP: 6/6
  2529 | D:3      | Reached XP level 6. HP: 52/52 MP: 7/7
  2762 | D:3      | Found an ancient bone altar of Kikubaaqudgha.
  2829 | D:3      | You fall into a shaft and drop 2 floors!
  2829 | D:5      | Entered Level 5 of the Dungeon
  2843 | D:5      | Reached skill level 5 in Unarmed Combat
  3086 | D:4      | Found a sand-covered staircase.
  3090 | Ossuary  | Entered an ossuary
  3135 | Ossuary  | Reached XP level 7. HP: 47/59 MP: 8/8
  3230 | Ossuary  | Reached skill level 6 in Unarmed Combat
  3525 | Ossuary  | Reached skill level 5 in Fighting
  3689 | Ossuary  | Reached skill level 7 in Unarmed Combat
  3689 | Ossuary  | Reached XP level 8. HP: 42/68 MP: 9/9
  4616 | D:4      | Noticed a yak
  4616 | D:4      | Noticed a yak
  4616 | D:4      | Noticed a yak
  4617 | D:4      | Noticed a yak
  4619 | D:4      | Noticed a yak
  4646 | D:3      | Killed a yak
  4647 | D:3      | Reached skill level 8 in Unarmed Combat
  4994 | D:4      | Killed a yak
  5026 | D:4      | Killed a yak
  5030 | D:4      | Killed a yak
  5031 | D:4      | Reached skill level 5 in Armour
  5031 | D:4      | Reached XP level 9. HP: 50/78 MP: 10/10
  5038 | D:4      | Reached skill level 9 in Unarmed Combat
  5378 | D:4      | Found a snail-covered altar of Cheibriados.
  5443 | D:4      | Found a broken altar of Ashenzari.
  5447 | D:4      | Became a worshipper of Ashenzari the Shackled
  5447 | D:4      | Identified a scroll of acquirement
  5449 | D:4      | Acquired the amulet "Qoevecve" {Reflect rPois Dex+3 SH+5
                  | SInv}
  5848 | D:5      | Reached skill level 1 in Shields
  5852 | D:5      | Found a sparkling altar of Nemelex Xobeh.
  6024 | D:5      | Learned a level 1 spell: Apportation
  6163 | D:5      | Found Egrul's Antique Weapon Shoppe.
  6797 | D:6      | Reached skill level 10 in Unarmed Combat
  6838 | D:6      | Found a staircase to the Ecumenical Temple.
  7241 | D:7      | Found a shimmering blue altar of Sif Muna.
  7369 | D:7      | Noticed a boulder beetle
  7390 | D:7      | Killed a boulder beetle
  7391 | D:7      | Reached skill level 11 in Unarmed Combat
  7391 | D:7      | Reached XP level 10. HP: 82/88 MP: 11/11
  7584 | D:7      | Found a runed translucent gate.
  7584 | D:7      | Found a runed translucent gate.
  7584 | D:7      | Found a runed translucent gate.
  7585 | D:7      | Noticed indyram44's ghost (novice OpFi)
  7990 | D:7      | Reached * piety under Ashenzari
  8011 | D:8      | Noticed Pikel
  8219 | D:8      | Killed Pikel
  8545 | D:8      | Reached ** piety under Ashenzari
  8616 | D:8      | Reached skill level 12 in Unarmed Combat
  8765 | D:8      | Found Ycuireva's Magic Scroll Emporium.
  8996 | D:9      | Noticed a great orb of eyes
  9009 | D:9      | Paralysed by a great orb of eyes for 5 turns
  9018 | D:9      | Killed a great orb of eyes
  9019 | D:9      | Reached skill level 5 in Shields
  9262 | D:9      | Reached XP level 11. HP: 90/97 MP: 12/12
  9440 | D:9      | Found a sacrificial altar of Ru.
  9483 | D:9      | Found a blossoming altar of Fedhas.
  9836 | D:10     | Entered Level 10 of the Dungeon
  9836 | D:10     | Noticed Fannar
  9836 | D:10     | Noticed a two-headed ogre
  9849 | D:9      | Killed a two-headed ogre
 10201 | D:10     | Noticed Grum
 10201 | D:10     | Noticed Joseph
 10207 | D:9      | Reached skill level 13 in Unarmed Combat
 10278 | D:10     | Killed Grum
 10288 | D:10     | Killed Joseph
 10494 | D:9      | Killed Fannar
 10608 | D:10     | Reached skill level 10 in Fighting
 10781 | D:10     | Found an iron altar of Okawaru.
 10976 | D:10     | Found a staircase to the Lair.
 10983 | D:10     | Found a staircase to the Orcish Mines.
 11115 | D:10     | Found a hazy altar of Hepliaklqana.
 11416 | D:11     | Reached *** piety under Ashenzari
 11879 | D:11     | Noticed a cyclops
 11886 | D:11     | Killed a cyclops
 11914 | D:11     | Noticed a cyclops
 11919 | D:11     | Killed a cyclops
 12013 | D:11     | Reached XP level 12. HP: 106/112 MP: 15/15
 12045 | D:11     | Noticed a seven-headed hydra
 12111 | D:11     | Reached skill level 14 in Unarmed Combat
 12459 | D:12     | Noticed a two-headed ogre
 12461 | D:12     | Noticed a centaur warrior
 12471 | D:12     | Killed a two-headed ogre
 12510 | D:12     | Killed a centaur warrior
 12903 | D:12     | Noticed a boulder beetle
 13014 | D:12     | Killed a boulder beetle
 13138 | D:12     | Noticed a boulder beetle
 13148 | D:12     | Killed a boulder beetle
 13331 | D:12     | Noticed a four-headed hydra
 13705 | Orc:1    | Entered Level 1 of the Orcish Mines
 14225 | Orc:1    | Reached skill level 15 in Unarmed Combat
 14372 | Orc:1    | Noticed Erolcha
 14395 | Orc:1    | Killed Erolcha
 14396 | Orc:1    | Reached XP level 13. HP: 86/122 MP: 16/16
 14893 | Orc:2    | Entered Level 2 of the Orcish Mines
 15210 | Orc:2    | Reached skill level 5 in Dodging
 15525 | Orc:2    | Found a staircase to the Elven Halls.
 16534 | Orc:2    | Found Biefeim's Weapon Emporium.
 16534 | Orc:2    | Found Zel Qintimi's Assorted Antiques.
 16536 | Orc:2    | Found Noatyan's Magic Scroll Boutique.
 16538 | Orc:2    | Found Jousej's Distillery.
 16544 | Orc:2    | Bought a potion of haste for 170 gold pieces
 16544 | Orc:2    | Bought a potion of curing for 51 gold pieces
 16547 | Orc:2    | Bought a scroll of blinking for 225 gold pieces
 16547 | Orc:2    | Bought a potion of curing for 90 gold pieces
 16549 | Orc:2    | Bought a scroll of acquirement for 572 gold pieces
 16549 | Orc:2    | Bought a scroll of teleportation for 33 gold pieces
 16549 | Orc:2    | Bought a scroll of teleportation for 33 gold pieces
 16549 | Orc:2    | Bought a scroll of blinking for 82 gold pieces
 16550 | Orc:2    | Acquired the +1 crystal plate armour "Ganun" {rElec Str+4
                  | Int-4 Stlth+}
 16613 | Lair:1   | Entered Level 1 of the Lair of Beasts
 16629 | Lair:1   | Reached **** piety under Ashenzari
 16706 | Lair:1   | Found a dark tunnel.
 16715 | Volcano  | Entered a volcano
 17008 | Volcano  | Found a radiant altar of Vehumet.
 17911 | Lair:1   | Reached skill level 16 in Unarmed Combat
 18498 | Lair:1   | Reached XP level 14. HP: 130/130 MP: 17/17
 20518 | Lair:3   | Noticed Snorg
 20526 | Lair:3   | Killed Snorg
 21228 | Lair:3   | Identified Lom Lobon's Volume of the Compass
 21834 | Lair:3   | Reached skill level 17 in Unarmed Combat
 22228 | Lair:4   | Found a staircase to the Snake Pit.
 22298 | Lair:4   | Noticed Sonja
 22319 | Lair:4   | Killed Sonja
 22601 | Lair:4   | Found a runed translucent door.
 22601 | Lair:4   | Noticed Ravenswing17's ghost (journeyman PaBe)
 22609 | Lair:4   | Identified the +7 spear of Neurosis {freeze, rF+ rC- MP+9
                  | Dex+2}
 22645 | Lair:4   | Killed Ravenswing17's ghost
 22673 | Lair:4   | Reached XP level 15. HP: 90/139 MP: 18/18
 22928 | Lair:4   | Found a staircase to the Shoals.
 24437 | Lair:6   | Entered Level 6 of the Lair of Beasts
 24469 | Lair:6   | Reached skill level 10 in Shields
 24719 | D:13     | Found a flagged portal.
 24742 | Bailey   | Entered a bailey
 25316 | D:13     | Found Uneof's Weapon Shoppe.
 26167 | D:14     | Reached skill level 18 in Unarmed Combat
 26230 | D:14     | Acquired a manual of Shields
 26364 | D:14     | Found a gate to the Vaults.
 26786 | D:15     | Entered Level 15 of the Dungeon
 26788 | D:15     | Noticed Azrael
 27821 | D:14     | Reached XP level 16. HP: 139/152 MP: 21/21
 27823 | D:14     | Reached skill level 10 in Armour
 27868 | D:14     | Killed Azrael
 28898 | D:15     | Found a staircase to the Depths.
 29461 | Shoals:1 | Entered Level 1 of the Shoals
 29461 | Shoals:1 | Noticed Aizul
 29477 | Shoals:1 | Killed Aizul
 30186 | Shoals:2 | Noticed Frances
 30197 | Shoals:2 | Killed Frances
 30915 | Shoals:2 | Identified the +2 robe of Boredom {rF+ Will+ SInv}
 31431 | Shoals:2 | Noticed Ilsuiw
 31451 | Shoals:1 | Reached skill level 19 in Unarmed Combat
 31848 | Shoals:1 | Killed Ilsuiw
 32468 | Shoals:3 | Identified the +0 flail "Hellblazer" {drain, rPois}
 33015 | Shoals:3 | Acquired 902 gold pieces
 33161 | Shoals:3 | Reached XP level 17. HP: 166/166 MP: 23/23
 33397 | Shoals:4 | Entered Level 4 of the Shoals
 34382 | Shoals:4 | Paralysed by an air elemental for 1 turns
 34400 | Shoals:4 | Paralysed by an air elemental for 1 turns
 34416 | Shoals:4 | Reached skill level 10 in Dodging
 34647 | Shoals:4 | Identified the amulet "Peiraoli" {Spirit -Tele rPois rCorr
                  | Dex+3}
 34773 | Shoals:4 | Got a barnacled rune of Zot
 35144 | Shoals:4 | Paralysed by an air elemental for 1 turns
 35148 | Shoals:4 | Paralysed by an air elemental for 1 turns
 35574 | Snake:1  | Entered Level 1 of the Snake Pit
 35964 | Snake:1  | Identified the +0 ring mail of an ice cave {-Cast Dex+5}
 35996 | Snake:1  | Found Fyanistaepoa's Fabulous Fripperies.
 36012 | Snake:1  | Bought a manual of Fighting for 1280 gold pieces
 36398 | Snake:2  | Reached skill level 15 in Fighting
 36398 | Snake:2  | Reached skill level 20 in Unarmed Combat
 36605 | Snake:2  | Reached ***** piety under Ashenzari
 36940 | Snake:2  | Reached XP level 18. HP: 175/178 MP: 24/24
 37130 | Snake:2  | Found a runed translucent gate.
 37130 | Snake:2  | Found a runed translucent gate.
 37130 | Snake:2  | Found a runed translucent gate.
 37134 | Snake:2  | Noticed Tuffe's ghost (adept FoFi)
 37700 | Snake:2  | Killed Tuffe's ghost
 37899 | Snake:3  | Found a frozen archway.
 38073 | IceCv    | Entered an ice cave
 38105 | IceCv    | Identified the ring of Atha {Ice Fly rCorr SInv}
 38502 | IceCv    | Found a viscous altar of Jiyva.
 38523 | IceCv    | Identified the amulet of Sloth {Faith *Corrode rElec rPois
                  | Will++}
 38524 | IceCv    | Identified the ring "Xiedaesi" {Ice Drain Dex+9 Slay-6
                  | SInv}
 38524 | IceCv    | Identified the +0 pair of gloves of Thoughtfulness {rC-
                  | Dex+6}
 39616 | Snake:4  | Entered Level 4 of the Snake Pit
 39826 | Snake:4  | Found Xiacunoa's Magic Scroll Emporium.
 39857 | Snake:4  | Bought a scroll of blinking for 105 gold pieces
 39857 | Snake:4  | Bought a scroll of blinking for 105 gold pieces
 39857 | Snake:4  | Bought a scroll of teleportation for 42 gold pieces
 39857 | Snake:4  | Bought a scroll of blinking for 105 gold pieces
 39857 | Snake:4  | Bought 3 scrolls of blinking for 315 gold pieces
 39857 | Snake:4  | Bought a scroll of acquirement for 728 gold pieces
 39858 | Snake:4  | Acquired 811 gold pieces
 40057 | Snake:4  | Reached skill level 21 in Unarmed Combat
 40491 | Snake:4  | Reached XP level 19. HP: 179/189 MP: 25/25
 41017 | Snake:4  | Reached skill level 15 in Shields
 41608 | Snake:4  | Got a serpentine rune of Zot
 41835 | Elf:1    | Entered Level 1 of the Elven Halls
 41891 | Elf:1    | Identified the Incunabulum of Dark Rituals
 41950 | Elf:1    | Found a crumbling gateway.
 41983 | Desolati | Entered the Desolation of Salt
 42059 | Desolati | Identified the +11 rapier of Balance {flame, Int+2}
 42060 | Desolati | Identified the +3 chain mail "Qekynyusm" {rElec rC+ Int+3
                  | Dex+7}
 42060 | Desolati | Identified the +4 ring mail "Tetitaf" {*Corrode Dex+5}
 42273 | Desolati | Identified the ring "Heffecvu" {rF+ Str+6}
 42794 | Desolati | Reached XP level 20. HP: 189/200 MP: 26/26
 42850 | Desolati | Reached skill level 22 in Unarmed Combat
 43223 | Desolati | Identified the +6 glaive of the Viper {venom, rPois rC+
                  | Will+ rCorr}
 43223 | Desolati | Identified the ring "Cotteibu" {Fire Fly Str+3}
 44238 | Elf:2    | Found a large runed translucent door.
 44238 | Elf:2    | Found a large runed translucent door.
 44242 | Elf:2    | Found a large runed translucent door.
 44242 | Elf:2    | Found a large runed translucent door.
 44408 | Elf:2    | Identified the amulet of Happiness {Acrobat rPois Regen+
                  | MP-9}
 45126 | Elf:3    | Entered Level 3 of the Elven Halls
 45751 | Elf:3    | Cast into level 3 of the Abyss (a deep elf demonologist)
 45762 | Abyss:3  | Acquired 383 gold pieces
 45843 | Abyss:3  | Reached XP level 21. HP: 192/211 MP: 18/27
 46005 | Abyss:3  | Found a sparkling altar of Nemelex Xobeh.
 46060 | Abyss:3  | Noticed a bone dragon
 46153 | Abyss:3  | Killed a bone dragon
 46165 | Abyss:3  | Got an abyssal rune of Zot
 46212 | Elf:3    | Escaped the Abyss
 46224 | Elf:3    | Reached skill level 23 in Unarmed Combat
 46340 | Elf:3    | Cast into level 3 of the Abyss (a deep elf sorcerer)
 46396 | Elf:3    | Escaped the Abyss
 46805 | Elf:3    | Identified the ring "Urico" {rN+ rCorr}
 47187 | Elf:3    | Identified the +8 chain mail of Pantheism {Harm}
 47189 | Elf:3    | Identified the +0 pair of gloves of Resilience {SInv}
 47193 | Elf:3    | Identified the Papyrus of the Volcanoes and Stones
 47202 | Elf:3    | Identified the +2 chain mail of Sunlight {Stlth+}
 47206 | Elf:3    | Identified the +4 short sword of Ascent {protect, +Blink
                  | rElec rF++ Str+4}
 47234 | Elf:3    | Identified Sif Muna's Almanac of Enchanting Poison
 47245 | Elf:3    | Identified the +11 trident "Citarrin" {flame, rPois rC+
                  | Int+4 Dex-5}
 47592 | Depths:1 | Entered Level 1 of the Depths
 47771 | Depths:1 | Found a one-way gate to the infinite horrors of the Abyss.
 47970 | Depths:1 | Found a hazy altar of Hepliaklqana.
 48014 | Depths:1 | Paralysed by a sphinx for 6 turns
 48023 | Depths:1 | Reached XP level 22. HP: 205/222 MP: 28/28
 48090 | Depths:1 | Noticed the Enchantress
 48228 | Depths:1 | Killed the Enchantress
 48294 | Depths:1 | Found a gateway to Hell.
 48858 | Depths:2 | Found a gateway to a ziggurat.
 49435 | Depths:2 | Noticed Louise
 49442 | Depths:2 | Killed Louise
 49536 | Depths:2 | Found a stormy altar of Qazlal.
 49739 | Depths:3 | Noticed Boris
 49746 | Depths:2 | Killed Boris
 49766 | Depths:3 | Reached skill level 24 in Unarmed Combat
 50242 | Depths:2 | Found Qubiarol's General Store.
 50258 | Depths:2 | Bought a scroll of teleportation for 51 gold pieces
 50285 | Depths:2 | Found The Legendary Suler's Legendary Smithy.
 50329 | Depths:2 | Found a hazy altar of Hepliaklqana.
 50385 | Depths:2 | Found Waqicury's Miraculous Elixirs.
 50657 | Depths:2 | Noticed a dread lich
 50664 | Depths:2 | Paralysed by a dread lich for 3 turns
 50669 | Depths:2 | Killed a dread lich
 50676 | Depths:2 | Found an ancient bone altar of Kikubaaqudgha.
 50686 | Depths:2 | Acquired 952 gold pieces
 50688 | Depths:2 | Acquired 952 gold pieces
 50797 | Depths:2 | Reached XP level 23. HP: 232/232 MP: 29/29
 51281 | Depths:3 | Found a shadowy altar of Dithmenos.
 51388 | Depths:3 | Paralysed by a great orb of eyes for 3 turns
 51566 | Depths:3 | Reached skill level 15 in Armour
 51749 | Depths:3 | Found a one-way gate leading to the halls of Pandemonium.
 52802 | Depths:4 | Found a blossoming altar of Fedhas.
 53456 | Depths:4 | Reached skill level 25 in Unarmed Combat
 53640 | Depths:4 | Identified the +3 plate armour of Conscience {Str+2 Slay+2
                  | SInv}
 53656 | Depths:4 | Cast into level 2 of the Abyss (a deep elf sorcerer)
 53671 | Depths:4 | Escaped the Abyss
 53696 | Depths:4 | Reached XP level 24. HP: 187/240 MP: 29/29
 53993 | Depths:5 | Entered Level 5 of the Depths
 54046 | Depths:5 | Found a gate to the Realm of Zot.
 54215 | Depths:5 | Found Raer's Armour Boutique.
 54688 | Depths:5 | Identified the Disquisition on Sinister Lightness
 55453 | Depths:5 | Acquired a +0 cloak of preservation
 55538 | Depths:5 | Found a radiant altar of Vehumet.
 55598 | Depths:5 | Found Ablet's Jewellery Shop.
 55598 | Depths:5 | Found Fuyqiu Suext's Book Shoppe.
 55599 | Depths:5 | Found Vitareap's Jewellery Shop.
 55649 | Zot:1    | Entered Level 1 of the Realm of Zot
 55692 | Zot:1    | Reached skill level 15 in Dodging
 58140 | Zot:1    | Reached XP level 25. HP: 236/248 MP: 29/29
 58847 | Depths:5 | Reached skill level 26 in Unarmed Combat
 60333 | Zot:1    | Noticed an orb of fire
 60545 | Zot:1    | Killed an orb of fire
 61292 | Vaults:1 | Entered Level 1 of the Vaults
 61732 | Vaults:1 | Identified the +4 scale mail of the Orcish Mines {-Tele
                  | rElec rF+ rC+}
 62231 | Vaults:1 | Found the ring of the Tortoise {AC+8}
 62451 | Vaults:1 | Found Guva's Assorted Antiques.
 62455 | Vaults:1 | Bought 3 scrolls of teleportation for 198 gold pieces
 62455 | Vaults:1 | Bought a potion of haste for 220 gold pieces
 63498 | Vaults:3 | Reached XP level 26. HP: 258/258 MP: 29/29
 63594 | Vaults:3 | Found a staircase to the Crypt.
 64061 | Vaults:3 | Identified the ring of Fiqiarerph {Str+4 Int+6 Stlth+}
 64206 | Vaults:3 | Reached skill level 27 in Unarmed Combat
 66055 | Crypt:1  | Entered Level 1 of the Crypt
 66387 | Crypt:1  | Noticed Mara
 66390 | Crypt:1  | Noticed Spaninq's illusion
 66394 | Crypt:1  | Killed Mara
 66395 | Crypt:1  | Reached skill level 1 in Evocations
 66939 | Crypt:2  | Reached XP level 27. HP: 221/269 MP: 29/29
 67427 | Crypt:2  | Noticed a royal mummy
 67439 | Crypt:2  | Noticed a royal mummy
 67464 | Crypt:2  | Killed a royal mummy
 67498 | Crypt:2  | Killed a royal mummy
 67631 | Crypt:2  | Noticed Khufu
 67638 | Crypt:2  | Killed Khufu
 67640 | Crypt:2  | Identified First Steps in Rites and Rhymes
 67895 | Crypt:3  | Entered Level 3 of the Crypt
 68311 | Crypt:3  | Identified the ring "Costit" {rN+ Int+4}
 68311 | Crypt:3  | Identified the ring of the Solstice {+Blink rC- rN+ Str+2
                  | SInv}
 68567 | Crypt:3  | Noticed Saint Roka
 68629 | Crypt:3  | Killed Saint Roka
 68666 | Crypt:3  | Reached skill level 5 in Evocations
 68777 | Crypt:3  | Found an ancient bone altar of Kikubaaqudgha.
 68777 | Crypt:3  | Noticed an ancient lich
 68784 | Crypt:3  | Killed an ancient lich
 68946 | Crypt:3  | Found a staircase to the Tomb.
 74325 | Zot:5    | Entered Level 5 of the Realm of Zot
 75758 | Zot:5    | Noticed an ancient lich
 75773 | Zot:5    | Killed an ancient lich
 75780 | Zot:5    | Noticed an orb of fire
 75955 | Zot:5    | Noticed an orb of fire
 75969 | Zot:5    | Killed an orb of fire
 75988 | Zot:5    | Killed an orb of fire
 76127 | Zot:5    | Noticed a dread lich
 76137 | Zot:5    | Killed a dread lich
 76348 | Zot:5    | Reached skill level 10 in Evocations
 76376 | Zot:5    | Noticed an orb of fire
 76377 | Zot:5    | Noticed an orb of fire
 76377 | Zot:5    | Noticed an orb of fire
 76391 | Zot:5    | Noticed an ancient lich
 76394 | Zot:5    | Noticed a dread lich
 76409 | Zot:5    | Noticed an ancient lich
 76419 | Zot:5    | HP: 12/273 [black draconian knight (7)]
 76420 | Zot:5    | HP: 3/273 [ancient lich (5)]
 76420 | Zot:5    | Slain by a green draconian

Illustrated notes

Levels and vault maps discovered:
D:1:      dpeg_arrival_central, layout_rooms, serial_bayou_crossing
D:2:      layout_loops_ring, hellmonk_ecumenical_altar_lost_god, uniq_natasha
D:3:      layout_loops_ring, lemuel_zombie_altar_kikubaaqudgha,
          minmay_hedge_maze, minmay_misc_feat_roman, kennysheep_orc_chapel
D:4:      layout_rooms, chei_slow_surprise, nicolae_ashenzari_skybound,
          enter_ossuary_5, cheibrodos_gnoll_hut
D:5:      layout_basic, nemelex_diamond_rough_becter,
          lemuel_coloured_pillars_altar, serial_shops, kennysheep_mini_moat,
          lemuel_flame_loot_1
D:6:      layout_basic, minmay_temple_entry_crystal_x, supply_closet_lemuel
D:7:      layout_basic, mainiacjoe_overflow_catwalk, gammafunk_ghost_split
D:8:      layout_basic, serial_shops, kennysheep_little_box, uniq_pikel
D:9:      layout_long_grid, mainiacjoe_overflow_catch_the_wave,
          kennysheep_just_a_vault
D:10:     layout_rooms, mainiacjoe_overflow_alcove_4,
          mainiacjoe_overflow_alcove_1, amcnicky_altar_gilded,
          okawaru_ov_weapons_minmay, minmay_orc_entry_guard_dogs, uniq_fannar,
          uniq_grum, uniq_joseph
D:11:     layout_gridville, hangedman_stone_soup
D:12:     layout_gridville, st_stairs_9
D:13:     layout_loops_ring, enter_bailey_4, serial_shops, shop
D:14:     layout_gridville, erik_vaults_2, chequers_serial_rivers_micro_d,
          minivault_26
D:15:     grunt_enter_depths_magical_seal, layout_cave_pools, minivault_4,
          minmay_circle_x, uniq_azrael
Lair:1:   layout_cave_pods, nicolae_volcano_entry_batcave, beast_lair_carwin_9
Lair:2:   layout_small_grid, beast_lair_carwin_7, grunt_megastairs_4
Lair:3:   nzn_winding_woodlands_stair_cross
          [nzn_winding_woodlands_5x15_pathside_ponds,
          nzn_winding_woodlands_center_garden,
          nzn_winding_woodlands_5x15_parted, nzn_winding_woodlands_5x5_cross,
          nzn_winding_woodlands_5x5_perimeter,
          nzn_winding_woodlands_5x15_lazy_stream,
          nzn_winding_woodlands_center_triple_pond,
          nzn_winding_woodlands_5x15_sawtooth], layout_gridlike, uniq_snorg
Lair:4:   layout_regular_city, minmay_shoals_entry_lonely_mermaid,
          guppyfry_snake_entry_island, ebering_ghost_funeral_grove, uniq_sonja
Lair:5:   layout_small_grid, st_stairs_4
Lair:6:   grunt_lair_end_beastmaster, layout_long_grid, dpeg_slime_entry_corner,
          serial_bayou_lagoon_b
Shoals:1: layout_shoals, uniq_aizul
Shoals:2: layout_shoals, uniq_frances, uniq_ilsuiw
Shoals:3: layout_shoals
Shoals:4: shoals_end_hellmonk_storm_palace [storm_palace_center_circular,
          storm_palace_corner_blocked, storm_palace_corner_pillars,
          storm_palace_corner_pillars, storm_palace_corner_grid]
Snake:1:  layout_basic, st_stairs_6, nicolae_alphabet_shops, grunt_megastairs_2
Snake:2:  layout_chambers, gammafunk_ghost_split, st_stairs_10,
          nicolae_coiled_stairwell_down, grunt_megastairs_5
Snake:3:  nicolae_snake_nest, layout_layer_cave,
          portal_ice_cave_entry_ice_simulacra
Snake:4:  johnstein_snake_rune_scales, layout_cave_town, serial_shops, shop,
          nicolae_snake_storage_room
Orc:1:    layout_caves, elves_outpost_lemuel, uniq_erolcha
Orc:2:    st_orc_rangers, layout_diamond_mine
Elf:1:    eino_elf_arrival_the_gate, layout_rooms, portal_desolation_entry_salt,
          minmay_elf_necromancy
Elf:2:    elven_hall_of_blades_hangedman_alternative
          [nicolae_blade_entry_splitting_headache], layout_geoelf_grid
Elf:3:    minmay_elf_hall_hex, layout_loops_cross
Vaults:1: vaults_mumra_hex, nicolae_vaults_twisting_passages,
          hangedman_vaults_cutoff, v_pattern_2, vaults_room_pools, v_misc_13,
          vaults_room_grunt_arrival_ludios, layout_vaults_omnigrid,
          serial_shops, nicolae_diamond_shop
Vaults:2: vaults_mumra_chevron_long, nicolae_vaults_big_angled_halls,
          grunt_vaults_swirl, v_misc_12, v_misc_27,
          nicolae_vaults_little_squares_2, nicolae_vaults_angled_halls,
          vaults_room_semicircle, layout_vaults_omnicross, serial_glass
Vaults:3: minmay_crypt_entry_simple_box, ontoclasm_vaults_tryst,
          ontoclasm_vaults_chip, vaults_dpeg_hooks, v_pattern_5,
          nicolae_vaults_gold_heap, vaults_dpeg_diagonal, grunt_vaults_focal,
          vaults_room_semicircle, nicolae_vaults_little_squares_3,
          dpeg_vaults_monster_row, nicolae_vaults_little_squares_6, v_misc_29,
          nicolae_vaults_little_squares_6, layout_vaults_big_room
Vaults:4: vaults_dpeg_encased_lava, v_alt_pattern_2, v_alt_pattern_3, st_cells,
          nicolae_vaults_circle_grid_a, nicolae_vaults_specimen_jars,
          vaults_room_pool, v_misc_28, v_misc_19, hangedman_vaults_snaps,
          hangedman_vaults_stitches, vaults_room_grid,
          hangedman_vaults_corner_blocks, layout_vaults_omnibox
Crypt:1:  layout_rooms, uniq_mara
Crypt:2:  ragdoll_tomb_raider, layout_regular_city, grunt_ministairs_6
Crypt:3:  cryptofortress_bobbens, uniq_saint_roka
Depths:1: layout_basic, interstate_on_off, grunt_hell_entry_dis_mu, abyss_entry,
          chequers_big_river, nicolae_hepliaklqana_hazy_memory, uniq_enchantress
Depths:2: grated_community_mu [grated_community_mu_vampire_home,
          grated_community_mu_giant_home, grated_community_mu_spellcaster_home,
          grated_community_mu_orcish_home, grated_community_mu_troll_home,
          grated_community_mu_taur_home, grated_community_mu_unbuilt_plot],
          layout_basic, enter_ziggurat_e, nicolae_qazlal_scattered_showers,
          nicolae_abyss_entry_one_way_or_another, hell_entry,
          minmay_misc_feat_chi
Depths:3: thingy_vault, layout_gridlike, rand_demon_pan_entry_8,
          grunt_dithmenos_smoke_and_mirrors, hellmouth_2, grunt_ministairs_3,
          infiniplex_staircase_hallway_doors, uniq_boris
Depths:4: minmay_the_grid_triangle_9x9_recursive_3
          [minmay_the_grid_triangle_9x9_corrupted_corridor,
          minmay_the_grid_triangle_9x9_cache,
          minmay_the_grid_triangle_9x9_intruding_spiral,
          minmay_the_grid_triangle_9x9_prize_top_heavy,
          minmay_the_grid_triangle_9x9_skeleton,
          minmay_the_grid_triangle_9x9_swiss_cheese,
          minmay_the_grid_triangle_9x9_stretched_checkered,
          minmay_the_grid_triangle_9x9_corruption,
          minmay_the_grid_triangle_9x9_impossible_snake], layout_cave_shapes,
          abyss_entry, hell_entry, nicolae_benzene_ring, fedhas_altar_fruit_tree
Depths:5: grunt_zot_entry_tricorne, layout_gridville, hell_entry, serial_shops,
          shop, nicolae_vehumet_radiance, hangedman_abyss_entry_splay,
          horrible_house_mu, minmay_shop_grove
Zot:1:    grunt_deathspiral_small, layout_cathedral_of_symmetry
Zot:2:    kennysheep_blocky_hall, layout_cathedral_of_symmetry,
          amethyst_zot_foddershock
Zot:3:    layout_onion_interference
Zot:4:    layout_gridlike
Zot:5:    layout_misc_corridors, grunt_ministairs_1

Skill      XL: |  1  2  3  4  5  6  7  8  9 10 11 12 13 14 15 16 17 18 19 20 21 22 23 24 25 26 27 |
---------------+----------------------------------------------------------------------------------+-----
Armour         | 1 2 3 5 6 8 9 10 11 12 13 14 15 16 17 19 | 19.1
Dodging        | 2 4 6 7 8 9 10 11 12 13 14 15 16 18 | 18.6
Unarmed Combat | 3 4 5 7 8 11 12 13 15 16 17 18 19 20 21 22 23 24 25 26 27 | 27.0
Fighting       | 3 4 5 6 8 9 10 11 12 13 14 15 16 17 18 19 20 21 22 24 | 24.3
Shields        | 3 5 6 7 8 9 10 12 13 14 15 16 17 18 19 20 | 20.6
Evocations     | 2 10 | 10.1
Throwing       | |  0.8
Spellcasting   | |  1.7
Translocations | |  2.6

Action                   |  1- 3 |  4- 6 |  7- 9 | 10-12 | 13-15 | 16-18 | 19-21 | 22-24 | 25-27 || total
-------------------------+-------+-------+-------+-------+-------+-------+-------+-------+-------++-------
Melee: Unarmed           |   129 |   164 |   435 |   544 |  1109 |  1280 |  1133 |  1248 |  2134 ||  8176
       Punch             |     1 |     4 |     2 |       |       |       |       |       |       ||     7
       Scimitar          |       |       |       |       |    49 |       |       |       |       ||    49
 Cast: Apportation       |       |       |     5 |       |       |       |       |       |       ||     5
Invok: Curse Item        |       |       |     1 |     4 |     2 |     3 |     1 |       |     1 ||    12
       Shatter the Chain |       |       |       |       |     1 |     1 |     1 |     2 |       ||     5
Evoke: Wand              |       |       |       |       |       |     1 |       |     1 |     1 ||     3
  Use: Potion            |     1 |     1 |     2 |     2 |     3 |       |       |     1 |     4 ||    14
       Scroll            |       |     4 |     4 |     2 |     8 |     2 |     5 |    12 |    15 ||    52
 Stab: Distracted        |       |       |       |       |       |       |     1 |       |       ||     1
Armor: Plate armour      |   126 |    83 |   168 |   160 |    93 |       |       |       |       ||   630
       Chain mail        |       |       |       |       |    37 |       |       |       |       ||    37
       Crystal plate arm |       |       |       |       |   405 |   323 |   193 |   140 |       ||  1061
       Gold dragon scale |       |       |       |       |       |       |       |   106 |   479 ||   585
Dodge: Dodged            |    16 |    30 |    74 |   114 |   335 |   171 |    98 |   157 |   303 ||  1298
       Repelled          |       |       |       |     4 |       |       |       |       |       ||     4
Block: Buckler           |       |       |    61 |   221 |   632 |    41 |       |       |       ||   955
       Reflection        |       |       |       |    12 |    63 |   137 |    95 |    46 |    87 ||   440
       Tower shield      |       |       |       |       |       |  1283 |   941 |  1005 |  1966 ||  5195
       Rpst.: Scimitar   |       |       |       |       |     2 |       |       |       |       ||     2

Table legend: (Time is in decaauts)
 A = Elapsed time spent in this place.
 B = Non-inter-level travel time spent in this place.
 C = Inter-level travel time spent in this place.
 D = Time resting spent in this place.
 E = Time spent auto-exploring this place.
 F = Levels seen in this place.
 G = Mean time per level.
                   A        B        C        D        E       F      G
               +--------+--------+--------+--------+--------+-----+--------+
         Total |  74027 |  70617 |   3410 |  19789 |  31291 |  59 | 1254.7 |
       Dungeon |  17498 |  16372 |   1126 |   4620 |   8566 |  15 | 1166.5 |
          Lair |   6898 |   6533 |    365 |    754 |   4443 |   6 | 1149.7 |
        Shoals |   6151 |   5924 |    227 |   2665 |   1774 |   4 | 1537.8 |
     Snake Pit |   5299 |   5118 |    181 |    575 |   2696 |   4 | 1324.8 |
  Orcish Mines |   2593 |   2406 |    187 |    876 |    816 |   2 | 1296.5 |
   Elven Halls |   3387 |   3259 |    128 |    761 |   1377 |   3 | 1129.0 |
        Vaults |   4535 |   4192 |    343 |    383 |   2869 |   4 | 1133.8 |
         Crypt |   3014 |   2837 |    177 |    383 |   1268 |   3 | 1004.7 |
        Depths |   9920 |   9443 |    477 |   3376 |   3566 |   5 | 1984.0 |
           Zot |   9772 |   9577 |    195 |   4092 |   2897 |   5 | 1954.4 |
         Abyss |    482 |    482 |      0 |     40 |      4 |   3 |  160.7 |
       Ossuary |   1060 |   1060 |      0 |    159 |    498 |   1 | 1060.0 |
        Bailey |    315 |    315 |      0 |      3 |     45 |   1 |  315.0 |
      Ice Cave |    633 |    633 |      0 |     80 |    178 |   1 |  633.0 |
       Volcano |   1020 |   1020 |      0 |    495 |     74 |   1 | 1020.0 |
    Desolation |   1443 |   1443 |      0 |    525 |    218 |   1 | 1443.0 |
               +--------+--------+--------+--------+--------+-----+--------+

Top non-repeatable levels by time:
Depths:5: 3746 daAuts
   Zot:1: 3281 daAuts
    D:14: 2495 daAuts
   Zot:2: 2446 daAuts
  Lair:3: 2182 daAuts
 Snake:4: 1976 daAuts
Depths:2: 1897 daAuts
Shoals:2: 1836 daAuts
Shoals:4: 1790 daAuts
Depths:3: 1697 daAuts
     D:9: 1594 daAuts
   Elf:3: 1458 daAuts
   Zot:4: 1451 daAuts
Desolation: 1443 daAuts
 Snake:2: 1398 daAuts
